AoeStats
← Generation Kill

Pilgrims

508459540Analyzed
4v4 RM · 11d ago on Sep 22, 2026· 25m 12s· 8 players
Game mode
Random Map
Map size
Large (8 player)
Population
200
Speed
Normal
Resources
Standard
Victory
Conquest
Starting age
Dark Age
Ending age
Imperial Age
RankedLock teamsTeams togetherTeam positionsShared explorationLock speedFull tech treeHidden civsTurbo modeCheats
Victory
Defeat
🇪🇸 Vikings · Spain
1170
+13
🇸🇪 Franks · Sweden
1160
+14
🇩🇪 Italians · Germany
1126
+15
🇮🇹 Saracens · Italy
1082
+17
🇨🇳 Vikings · China
1192
-18
🇺🇸 Poles · United States
1168
-17
🇹🇼 Huns · Taiwan
1044
-12
🇯🇵 Vietnamese · Japan
1032
-12
cizma_cile
3:43 Loom
12:29 Feudal Age
13:08 Double-Bit Axe
13:23 Fishing Lines
18:16 Castle Age
17:22 Fletching
17:49 Horse Collar
20:13 Wheelbarrow
21:31 Pikeman
22:11 Squires
23:07 Scale Mail Armor
23:18 Forging
Generation Kill
5:24 Loom
11:45 Feudal Age
12:12 Double-Bit Axe
12:18 Town Watch
12:35 Fishing Lines
15:57 Castle Age
15:10 Scale Barding Armor
15:33 Forging
16:53 Husbandry
20:10 Chain Barding Armor
25:11 Iron Casting
jaimelugu8
12:59 Feudal Age
16:27 Castle Age
15:09 Fletching
18:53 Bodkin Arrow
SuperDomeDome
6:01 Loom
12:27 Feudal Age
15:20 Fishing Lines
17:46 Castle Age
16:11 Stone Mining
16:43 Double-Bit Axe
19:04 Medium Warships
19:38 Fletching
24:02 Forging
23:47 Bodkin Arrow
25:09 Gold Mining
25:08 Town Watch
mark_aoe_2024
5:57 Loom
11:52 Feudal Age
12:11 Man-at-Arms
16:41 Castle Age
14:51 Double-Bit Axe
15:31 Stone Mining
15:30 Horse Collar
17:40 Bloodlines
17:53 Husbandry
18:02 Scale Barding Armor
kagemusha
5:15 Loom
14:22 Feudal Age
18:46 Castle Age
20:06 Wheelbarrow
yang
13:58 Feudal Age
18:38 Castle Age
19:24 Fletching
22:44 Bodkin Arrow
ROCK
5:10 Loom
6:09 Loom
11:58 Feudal Age
12:44 Double-Bit Axe
16:34 Fishing Lines
16:58 Town Watch
19:43 Castle Age
18:16 Gold Mining
18:08 Horse Collar
20:39 Medium Warships
Connection lost

Rejoining the realm…

Still unreachable

The connection could not be restored.

Session expired

The server has moved on; the page needs a fresh start.